 Dungeon Crawl Stone Soup version 0.32-a0-540-g866d13106e (webtiles) character file.

Game seed: 9789798663013135339

91 ezpacito the Trooper (level 4, -3/35 HPs)
             Began as a Demonspawn Chaos Knight on Feb 29, 2024.
             Was a Plaything of Xom.
             Succumbed to Sigmund's poison
             ... on level 2 of the Dungeon.
             The game lasted 00:02:27 (1634 turns).

ezpacito the Trooper (Demonspawn Chaos Knight)      Turns: 1634, Time: 00:02:27

Health: -3/35      AC:  9    Str: 13    XL:     4   Next: 34%
Magic:  5/5        EV: 11    Int: 23    God:    Xom [.....*]
Gold:   87         SH:  0    Dex: 13    Spells: 5/5 levels left

rFire   + . .        a - +0 hand axe (chaos)
rCold   . . .        (no shield)
rNeg    . . .        b - +3 leather armour
rPois   .            (helmet restricted)
rElec   .            (no cloak)
rCorr   .            g - +0 pair of gloves
SInv    .            (no boots)
Will    +....        (no amulet)
Stlth   ++           o - +6 ring of intelligence
HPRegen 0.25/turn    (no ring)
MPRegen 0.09/turn

%: no passive effects
@: lethally poisoned (-3 -> -24), attractive, enlightened, flying, studying
Polearms
A: thin metallic scales 1, powered by death 1, demonic magic 1, beak, thin
skeletal structure 1, clever 1, fire resistance 1
a: Renounce Religion


You were on level 2 of the Dungeon.
You worshipped Xom.
You were Xom's teddy bear.
You visited 1 branch of the dungeon, and saw 2 of its levels.

You collected 87 gold pieces.

Inventory:

Hand Weapons
 a - a +0 hand axe of chaos (weapon)
Missiles
 k - 4 darts of dispersal (quivered)
 n - 5 atropa-tipped darts
Armour
 b - a +3 leather armour (worn)
 g - a +0 pair of gloves (worn)
 m - a +2 helmet
Jewellery
 o - a +6 ring of intelligence (left hand)
Scrolls
 e - a scroll of enchant weapon {unknown}
 f - a scroll of torment {unknown}
 h - a scroll of poison {unknown}
 l - a scroll of acquirement {unknown}
 q - a scroll of silence {unknown}


   Skills:
 * Level 3.3 Fighting
 * Level 3.0(3.1) Axes
 + Level 1.0(2.1) Polearms
 * Level 2.3 Armour
 * Level 1.4 Dodging
 + Level 0.9 Stealth
 * Level 1.3 Unarmed Combat
 * Level 1.0 Spellcasting


You had 5 spell levels left.
You didn't know any spells.
Your spell library contained the following spells:

 Spells                   Type           Power      Damage    Failure   Level
 Foxfire                  Conj/Fire      4%         2x1d4     19%         1
 Plasma Beam              Fire/Air       0%         2x1d10    100%        6
 Starburst                Conj/Fire      0%         6d3       100%        6


Dungeon Overview and Level Annotations

Branches:
Dungeon (2/15)

Altars:
Xom

Shops:
D:2 (**

Annotations:
D:2 Sigmund


Innate Abilities, Weirdness & Mutations

You are partially covered in thin metallic scales. (AC +2)
You regenerate a little health from kills.
Spells you cast may paralyse adjacent enemies.
You have a beak for a mouth.
You have a somewhat thin skeletal structure. (Dex +2, Stealth+)
Your mind is acute. (Int +4, Str/Dex -1)
Your flesh is heat resistant. (rF+)


Message History

Sigmund casts a spell at you.
Your butterfly resists with significant effort.
Sigmund hits your butterfly with a +4 scythe of venom!
Your butterfly dies!
Your butterfly disappears in a burst of colours!
Sigmund is attracted toward you.
You swap places.
You swap places.
Sigmund mumbles some strange words.
Sigmund flickers and vanishes!
Deactivating autopickup; reactivate with Ctrl-A.
Unknown command.
The ground is no longer liquid beneath you.
Something closely misses your butterfly.
You swap places.
Something misses your butterfly. Something is attracted toward you.
Something barely misses your butterfly.
Unknown command.
Something completely misses your butterfly.
Something is attracted toward you. Something misses your butterfly.
Something hits your butterfly!
Your butterfly dies!
Your butterfly disappears in a burst of colours!
Something is attracted toward you.
You swap places.
Something is attracted toward you.
You swap places.
Something hits you.
* * * LOW HITPOINT WARNING * * *
You are poisoned.
You miss something. You peck something.
* * * LOW HITPOINT WARNING * * *
You feel very sick. Something hits you.
* * * LOW HITPOINT WARNING * * *
You are more poisoned.
As you read the scroll labelled GEPNUAF KAAV, it crumbles to dust.
It is a scroll of enchant armour.
Your +2 leather armour glows green for a while.
You die...
Xom thinks this is hilarious!

####...............###
#.....................
#.....########..##.###
#...<.# ##....# ♣
#.....# ###..# ♣
#...b.## #..# ♣
#.b.b..######## ##.#
#.............####.###
#...{@bbb.....#.......
#.b.bbbbb.......####.#
#....bbbb.~....# #..
#.#..b§b.bb..#.# ###
#.#.bbbbb.b....#
#.#...bb~bb..###
#.#(...b.....##
#....~...b~...#
#.......b.....#


There were no monsters in sight!

Vanquished Creatures
  Terence (D:2)
  3 gnolls (D:2)
  A dart slug (D:1)
  A bat (D:1)
  4 endoplasms
  5 goblins
  2 hobgoblins
  4 ball pythons
  A frilled lizard (D:2)
  3 rats
25 creatures vanquished.

Vanquished Creatures (collateral kills)
  A gnoll (D:2)
1 creature vanquished.

Grand Total: 26 creatures vanquished

Notes
Turn   | Place    | Note
-------+----------+-------------------------------------------
     0 | D:1      | ezpacito the Demonspawn Chaos Knight began the quest for
                  | the Orb.
     0 | D:1      | Reached XP level 1. HP: 18/18 MP: 1/1
    31 | D:1      | XOM: silly message
    47 | D:1      | XOM: give mutations
    47 | D:1      | Gained mutation: You have a somewhat thin skeletal
                  | structure. (Dex +2, Stealth+) [Xom's grace]
    47 | D:1      | Gained mutation: Your flesh is heat resistant. (rF+) [Xom's
                  | grace]
    47 | D:1      | Gained mutation: Your system is resistant to poisons.
                  | (rPois) [Xom's grace]
    47 | D:1      | Gained mutation: You have a beak for a mouth. [Xom's grace]
    49 | D:1      | Reached skill level 1 in Dodging
   171 | D:1      | Gained mutation: You are partially covered in thin metallic
                  | scales. (AC +2) [demonic ancestry]
   171 | D:1      | Reached XP level 2. HP: 24/24 MP: 2/2
   207 | D:1      | XOM: give mutations
   207 | D:1      | Gained mutation: You are strong-willed. (Will+) [Xom's
                  | mischief]
   207 | D:1      | Lost mutation: You are strong-willed. (Will+) [Xom's
                  | mischief]
   207 | D:1      | Lost mutation: Your system is resistant to poisons. (rPois)
                  | [Xom's mischief]
   207 | D:1      | Gained mutation: Your mind is acute. (Int +4, Str/Dex -1)
                  | [Xom's mischief]
   523 | D:1      | XOM: cloud trail
   907 | D:1      | XOM: divination: magic mapping
   937 | D:2      | XOM: god gift: 47 gold pieces
   965 | D:2      | Found Futidus's General Store.
  1057 | D:2      | Found Lasiunar's Weapon Shoppe.
  1126 | D:2      | Found Hoguig's Assorted Antiques.
  1158 | D:2      | XOM: scenery: create altars
  1172 | D:2      | Noticed Terence
  1184 | D:2      | XOM: divination: detect creatures
  1191 | D:2      | Killed Terence
  1192 | D:2      | Reached skill level 1 in Unarmed Combat
  1192 | D:2      | Gained mutation: You regenerate a little health from kills.
                  | [demonic ancestry]
  1192 | D:2      | Reached XP level 3. HP: 22/29 MP: 2/4
  1223 | D:2      | XOM: 2-stop teleportation journey
  1259 | D:2      | XOM: summons 2 friendly demons
  1285 | D:2      | Gained mutation: Spells you cast may paralyse adjacent
                  | enemies. [demonic ancestry]
  1285 | D:2      | Reached XP level 4. HP: 23/35 MP: 5/5
  1286 | D:2      | XOM: silly message
  1294 | D:2      | Reached skill level 1 in Polearms
  1294 | D:2      | Reached skill level 1 in Spellcasting
  1603 | D:2      | Noticed Sigmund
  1609 | D:2      | XOM: cast spell 'Leda's Liquefaction'
  1618 | D:2      | XOM: divination: detect items
  1634 | D:2      | Succumbed to Sigmund's poison

Illustrated notes

Levels and vault maps discovered:
D:1:      minmay_arrival_up_and_down, layout_basic
D:2:      layout_basic, serial_shops, nicolae_shop_peninsula, shop_fountains,
          shop, skrybe_limestone_x, st_stairs_4, uniq_terence, uniq_sigmund

Skill      XL: |  1  2  3  4 |
---------------+-------------+-----
Dodging        | 1 |  1.4
Armour         | 2 |  2.3
Unarmed Combat | 1 |  1.3
Axes           | 3 |  3.0
Polearms       | 1 |  1.0
Spellcasting   | 1 |  1.0
Fighting       | |  3.3
Stealth        | |  0.9

Action                     |  1- 3 |  4- 6 || total
---------------------------+-------+-------++-------
  Melee: Hand axe          |    52 |    16 ||    68
         Peck              |    14 |     3 ||    17
    Use: Potion            |       |     3 ||     3
         Scroll            |       |     2 ||     2
   Stab: Sleeping          |     8 |       ||     8
         Confused          |     1 |       ||     1
 Armour: Leather armour    |    24 |    13 ||    37
  Dodge: Dodged            |    30 |     9 ||    39

Table legend: (Time is in decaauts)
 A = Elapsed time spent in this place.
 B = Non-inter-level travel time spent in this place.
 C = Inter-level travel time spent in this place.
 D = Time resting spent in this place.
 E = Time spent auto-exploring this place.
 F = Levels seen in this place.
 G = Mean time per level.
                   A        B        C        D        E       F      G
               +--------+--------+--------+--------+--------+-----+--------+
         Total |   1645 |   1569 |     76 |      0 |   1286 |   2 |  822.5 |
       Dungeon |   1645 |   1569 |     76 |      0 |   1286 |   2 |  822.5 |
               +--------+--------+--------+--------+--------+-----+--------+

Top non-repeatable levels by time:
     D:1: 928 daAuts
     D:2: 717 daAuts
